 Dungeon Crawl Stone Soup version 0.21.1-1-g345015f (console) character file.

340 fly the Grave Robber (level 6, 0/49 HPs)
             Began as a Deep Dwarf Necromancer on May 13, 2018.
             Slain by an orc
             ... wielding a +0 hand axe
              (5 damage)
             ... on level 4 of the Dungeon.
             The game lasted 00:06:00 (3371 turns).

fly the Grave Robber (Deep Dwarf Necromancer)       Turns: 3371, Time: 00:06:01

Health: 0/49       AC:  3    Str: 12    XL:     6   Next: 30%
Magic:  6/11       EV: 12    Int: 17    God:
Gold:   174        SH:  0    Dex: 13    Spells: 8/12 levels left

rFire    + + .     SeeInvis .   a - +0 spear (flame)
rCold    . . .     Gourm    .   (no shield)
rNeg     . . .     Faith    .   y - +0 robe
rPois    .         Spirit   .   e - +0 helmet of the Modern Emperors {*Corrode rF++} (curse)
rElec    .         Reflect  .   q - scarf {repulsion}
rCorr    .         Harm     .   (no gloves)
MR       .....                  (no boots)
Stlth    ++........             (no amulet)
HPRegen  0.00/turn              (no ring)
MPRegen  0.12/turn              (no ring)

@: non-regenerating, repel missiles
A: damage resistance, heal wounds, sense surroundings 1, no regeneration
a: Heal Wounds


You were on level 4 of the Dungeon.
You were not hungry.

You visited 1 branch of the dungeon, and saw 4 of its levels.

You collected 174 gold pieces.

Inventory:

Hand Weapons
 a - a +0 spear of flaming (weapon)
 w - a +0 blowgun
Armour
 e - the cursed +0 helmet of the Modern Emperors (worn) {*Corrode rF++}
   (You took it off Robin on level 3 of the Dungeon)

   It greatly protects you from fire.
   It may corrode you when you take damage.
   It has a curse placed upon it.
 q - a scarf of repulsion (worn)
 y - a +0 robe (worn)
Magical Staves
 p - an uncursed staff of conjuration
Jewellery
 k - an uncursed amulet of faith
Scrolls
 d - 2 scrolls of teleportation {unknown}
 i - a scroll of immolation {unknown}
 j - 3 scrolls of noise {unknown}
 l - 2 scrolls of remove curse {unknown}
 m - a scroll of fog {unknown}
 o - a scroll of amnesia {unknown}
Potions
 f - a potion of ambrosia {unknown}
 g - 2 potions of resistance {unknown}
 h - 3 potions of curing {unknown}
 n - 3 potions of haste {unknown}
 r - 2 potions of cancellation {unknown}
Books
 b - a book of Necromancy

   Spells                             Type                      Level
   a - Pain                           Necromancy                   1
   b - Animate Skeleton               Necromancy                   1
   c - Vampiric Draining              Necromancy                   3
   d - Regeneration                   Charms/Necromancy            3
   e - Animate Dead                   Necromancy                   4
   f - Borgnjor's Vile Clutch         Necromancy/Earth             5
Comestibles
 c - 6 rations
 s - 3 chunks of flesh


   Skills:
 - Level 2.1 Dodging
 - Level 2.4 Stealth
 + Level 3.8 Spellcasting
 * Level 7.0 Necromancy


You had 8 spell levels left.
You knew the following spells:

 Your Spells              Type           Power        Failure   Level  Hunger
v - Vampiric Draining     Necr           ####......   2%          3    ###....
z - Pain                  Necr           ####         1%          1    None


Dungeon Overview and Level Annotations

Branches:
Dungeon (4/15)
 Temple: D:4-7

Altars:


Innate Abilities, Weirdness & Mutations

You are resistant to damage.
You can heal yourself by infusing magical energy.
You passively map a small area around you.
You do not regenerate.


Message History

The orc throws a tomahawk.
The tomahawk closely misses you.
You see here a tomahawk.
The orc misses you.
An orc comes into view. It is wielding a hand axe.
You see here 2 tomahawks.
Casting: Vampiric Draining
Confirm with . or Enter, or press ? or * to list all spells.
Aiming: Vampiric Draining
Press: ? - help, Shift-Dir - straight line, f - orc, p - orc
Aim: an orc, wielding a flail You kill the orc!
You feel life coursing into your body.
The orc throws a tomahawk.
The tomahawk hits you.
* * * LOW HITPOINT WARNING * * *
An orc comes into view. It is wielding a short sword.
The orc shouts!
The orc barely misses you. The orc hits you with a short sword.
* * * LOW HITPOINT WARNING * * *
The orc hits you with a hand axe.
You die...

.<.#.<..#
#..##.##...#
##..#.#.#
#..##.##.#.#
....#...
####..##....#.#
###.#.#.#* *
#....>##..###.# ,
......#
#.#...##..# #.#
.##.# #*
#####)#.......#
#.# #.* .. ,
...#(#.....#.#
#.### #. ###
######o#(#...#.#.#
#...# #. ,
......o@.#.#.#.#.#
#.### *
######o###.#.#.#.#
#.# #.* #.#.#.#.#
#.# #. #.#.....#
#.# #.,,..#.#####
#.### ##
###.#######....
#.......####.
#######.####.
#......


You could see 3 orcs.

Vanquished Creatures
  An ogre (D:4)
  A crimson imp (D:4)
  An orc priest (D:4)
  An orc wizard (D:4)
  Robin (D:3)
  5 adders
  A gnoll (D:1)
  2 oozes
  A worm (D:3)
  4 dart slugs
  4 leopard geckos
  4 orcs
  2 giant cockroaches
  15 goblins
  8 hobgoblins
  11 kobolds
  A quokka (D:3)
  3 ball pythons
  2 bats
  6 frilled lizards
  5 rats
79 creatures vanquished.

Notes
Turn   | Place    | Note
-------+----------+-------------------------------------------
     0 | D:1      | fly the Deep Dwarf Necromancer began the quest for the Orb.
     0 | D:1      | Reached XP level 1. HP: 15/15 MP: 3/3
   231 | D:1      | Reached XP level 2. HP: 13/22 MP: 0/5
   682 | D:1      | Reached skill level 5 in Necromancy
   682 | D:1      | Reached XP level 3. HP: 12/28 MP: 0/6
  1654 | D:2      | Learned a level 3 spell: Vampiric Draining
  1861 | D:3      | Reached XP level 4. HP: 12/36 MP: 4/8
  1862 | D:3      | Noticed Robin
  2311 | D:3      | Killed Robin
  2341 | D:3      | Got a distressingly furry helmet
  2407 | D:3      | Identified the cursed +0 helmet of the Modern Emperors {*Corrode rF++} (You took it off Robin on level 3 of the Dungeon)
  2550 | D:3      | Reached XP level 5. HP: 27/42 MP: 0/9
  2554 | D:3      | Reached skill level 6 in Necromancy
  3208 | D:4      | Noticed an ogre
  3214 | D:4      | HP: 2/42 [ogre/giant spiked club (13)]
  3215 | D:4      | Killed an ogre
  3215 | D:4      | Reached skill level 7 in Necromancy
  3215 | D:4      | Reached XP level 6. HP: 3/49 MP: 0/11
  3371 | D:4      | Slain by an orc

Skill      XL: |  1  2  3  4  5 |
---------------+----------------+-----
Spellcasting   | 2 3 |  3.8
Necromancy     | 5 7 |  7.0
Dodging        | |  2.1
Stealth        | |  2.4

Action                   |  1- 3 |  4- 6 || total
-------------------------+-------+-------++-------
Melee: Unarmed           |    35 |       ||    35
       Spear             |     6 |    84 ||    90
 Cast: Pain              |    67 |     8 ||    75
       Vampiric Draining |     1 |    33 ||    34
 Stab: Sleeping          |     2 |     5 ||     7
  Eat: Chunk             |     3 |     9 ||    12
Armor: Robe              |     5 |    15 ||    20
Dodge: Dodged            |    30 |    88 ||   118
       Deflected         |     1 |     1 ||     2
